 Dungeon Crawl Stone Soup version 0.31.0-32-g396128a36d (webtiles) character file.

Game seed: 3622676408315142172

214 PaiMei the Grave Robber (level 5, -1/38 HPs)
             Began as a Demonspawn Necromancer on Apr 18, 2024.
             Shot with an arrow by a centaur (16 damage)
             ... on level 4 of the Dungeon.
             The game lasted 00:04:01 (3925 turns).

PaiMei the Grave Robber (Demonspawn Necromancer)    Turns: 3925, Time: 00:04:01

Health: -1/38      AC:  2    Str:  8    XL:     5   Next: 59%
Magic:  8/9        EV: 13    Int: 17    God:
Gold:   229        SH:  0    Dex: 14    Spells: 6/10 levels left

rFire   . . .        i - +0 mace
rCold   . . .        (no shield)
rNeg    . . .        a - +0 robe
rPois   .            (no helmet)
rElec   .            (no cloak)
rCorr   .            (no gloves)
SInv    .            (no boots)
Will    .....        (no amulet)
Stlth   ++           (no ring)
HPRegen 0.26/turn    (no ring)
MPRegen 0.11/turn

%: no passive effects
@: no status effects
A: weakness stinger 1
a: no special abilities


You were on level 4 of the Dungeon.
You visited 1 branch of the dungeon, and saw 4 of its levels.

You collected 229 gold pieces.

Inventory:

Hand Weapons
 c - a +0 whip
 i - a +0 mace (weapon)
Missiles
 h - 8 poisoned darts (quivered)
Armour
 a - a +0 robe (worn)
Scrolls
 g - a scroll of identify {unknown}
 j - a scroll of blinking {unknown}
 k - a scroll of teleportation {unknown}
 m - a scroll of enchant armour {unknown}
Potions
 b - a potion of magic
 d - 2 potions of heal wounds {unknown}
 e - a potion of berserk rage {unknown}
 f - 2 potions of curing {unknown}
 l - a potion of might {unknown}


   Skills:
 + Level 2.0 Fighting
 + Level 3.0 Dodging
 - Level 2.3 Stealth
 + Level 3.2 Spellcasting
 + Level 5.3 Necromancy


You had 6 spell levels left.
You knew the following spells:

 Your Spells              Type           Power      Damage    Failure   Level
a - Necrotise             Necr           80%        1d8       1%          1
b - Vampiric Draining     Necr           20%        2d7       5%          3

Your spell library contained the following spells:

 Spells                   Type           Power      Damage    Failure   Level
 Magic Dart               Conj           8%         1d3       17%         1
 Sandblast                Erth           4%         2d4       17%         1
 Animate Dead             Necr           20%        N/A       19%         4
 Searing Ray              Conj           4%         2d4       26%         2
 Passwall                 Erth           2%         N/A       45%         3
 Stone Arrow              Conj/Erth      4%         3d7       45%         3
 Curse of Agony           Necr           20%        N/A       45%         5
 Brom's Barrelling Bould  Conj/Erth      2%         2d3       86%         4
 Fulminant Prism          Conj/Alch      1%         3d5       86%         4
 Malign Gateway           Summ/Tloc      1%         N/A       100%        7
 Summon Horrible Things   Summ           1%         N/A       100%        8


Dungeon Overview and Level Annotations

Branches:
Dungeon (4/15)
 Temple: D:4-7

Altars:
Xom

Shops:
D:2 :


Innate Abilities, Weirdness & Mutations

You have a small tail.


Message History

Aiming: Necrotise (safe; 1% risk of failure)
Press: ? - help, Shift-Dir - straight line, f - centaur
Aim: a centaur (chance to affect: 78%)
The centaur barely resists.
Your orc skeleton hits the orc but does no damage.
A kobold comes into view. It is wielding a +0 club.
An orc wizard comes into view. It is wielding a +0 dagger.
The orc hits your orc skeleton with a +0 dagger.
The centaur wields a +0 shortbow.
The centaur shoots an arrow.
The arrow misses you.
Casting: Necrotise (safe; 1% risk of failure)
Confirm with . or Enter, or press ? or * to list all spells.
Aiming: Necrotise (safe; 1% risk of failure)
Press: ? - help, Shift-Dir - straight line, f/p - centaur
Aim: a centaur, wielding a +0 shortbow (chance to affect: 78%)
The centaur barely resists.
Your orc skeleton hits the orc.
The centaur shoots an arrow.
The arrow hits you!
The orc hits your quokka skeleton with a +0 club.
Your quokka skeleton bites the orc.
The orc barely misses your orc skeleton.
A gnoll comes into view. It is wielding a +0 spear.
The centaur shoots an arrow.
The arrow barely misses you.
Your orc skeleton hits the orc but does no damage.
Your quokka skeleton bites the centaur.
The orc hits your orc skeleton with a +0 dagger.
The centaur shoots an arrow.
The arrow hits you.
The centaur shoots an arrow.
The arrow hits you.
Your orc skeleton hits the centaur but does no damage.
Your quokka skeleton barely misses the centaur.
Something completely misses your orc skeleton.
Found a fizzy red potion.
The centaur shoots an arrow.
The arrow completely misses you.
The centaur shoots an arrow.
The arrow barely misses you.
The centaur shoots an arrow.
The arrow hits you!
The centaur shoots an arrow.
The arrow closely misses you.
The centaur shoots an arrow.
The arrow hits you.
You hear a shout!
A centaur is nearby!
The centaur shoots an arrow.
The arrow hits you!
You die...

## #...# ##..##
#..## ##..## #.c#
###.## #..## ##.#
#..K# ### # #...#
.# #...# ###
..##...###### ##.#
c.#.........####@##
...........o.K..##
...............##
...........c.#..#
................#
...!..........#.#
.............##..
.............# #.#
........# .#


You could see a centaur, an orc and a kobold.

Vanquished Creatures
  An iguana (D:3)
  An orc wizard (D:3)
  5 adders
  2 river rats (D:3)
  3 dart slugs
  A ribbon worm (D:2)
  7 orcs
  3 bats (D:1)
  10 endoplasms
  2 giant cockroaches (D:3)
  7 goblins
  6 hobgoblins
  7 jackals (D:1)
  6 kobolds
  4 quokkas
  6 ball pythons
  2 frilled lizards (D:1)
  7 rats
80 creatures vanquished.

Notes
Turn   | Place    | Note
-------+----------+-------------------------------------------
     0 | D:1      | PaiMei the Demonspawn Necromancer began the quest for the
                  | Orb.
     0 | D:1      | Reached XP level 1. HP: 13/13 MP: 3/3
   256 | D:1      | Gained mutation: You have a small tail. [demonic ancestry]
   256 | D:1      | Reached XP level 2. HP: 19/19 MP: 3/5
   699 | D:1      | Reached XP level 3. HP: 24/24 MP: 0/6
   703 | D:1      | Learned a level 3 spell: Vampiric Draining
  1276 | D:2      | Found Refif's Book Emporium.
  1652 | D:2      | Reached XP level 4. HP: 31/31 MP: 0/7
  1797 | D:2      | You fall into a shaft and drop 1 floor!
  1920 | D:2      | Found a shimmering altar of Xom.
  2057 | D:2      | Reached skill level 1 in Fighting
  2057 | D:2      | Reached skill level 5 in Necromancy
  3071 | D:3      | Reached XP level 5. HP: 37/37 MP: 3/9
  3891 | D:4      | Noticed a centaur
  3925 | D:4      | Shot with an arrow by a centaur

Illustrated notes

Levels and vault maps discovered:
D:1:      minmay_arrival_diagonal_passages, layout_loops_ring,
          nrook_mini_backslash
D:2:      layout_basic, basic_altar, serial_shops, nicolae_shop_hallway_plus
D:3:      layout_loops_corners, gup_sewer_entry_bowl
D:4:      layout_layer_cave

Skill      XL: |  1  2  3  4  5 |
---------------+----------------+-----
Stealth        | 2 |  2.3
Dodging        | 2 3 |  3.0
Fighting       | 1 2 |  2.0
Necromancy     | 5 |  5.3
Spellcasting   | 3 |  3.2

Action                     |  1- 3 |  4- 6 || total
---------------------------+-------+-------++-------
  Melee: Whip              |    17 |       ||    17
         Mace              |     1 |    27 ||    28
         Tailslap          |     1 |     2 ||     3
         Punch             |       |     1 ||     1
   Cast: Necrotise         |    70 |    75 ||   145
 Armour: Robe              |    13 |    39 ||    52
  Dodge: Dodged            |    26 |    32 ||    58
